 Dungeon Crawl Stone Soup version 0.27-a0-1595-g0b823d0a13 (webtiles) character file.

Game seed: 13343949674801866433

10013 robertstho the Frost Mage (level 11, -4/56 HPs)
             Began as a Vine Stalker Ice Elementalist on July 20, 2021.
             Was a Follower of Sif Muna.
             Slain by a yak (5 damage)
             ... on level 1 of the Lair of Beasts.
             The game lasted 00:20:11 (11760 turns).

robertstho the Frost Mage (VSIE)                   Turns: 11760, Time: 00:20:12

Health: -4/56      AC: 16    Str: 13    XL:     11   Next: 55%
Magic:  0/25       EV: 13    Int: 26    God:    Sif Muna [*.....]
Gold:   628        SH:  5    Dex: 15    Spells: 17/28 levels left

rFire    . . .     SeeInvis .   u - +4 rapier of the Eleven Prophets {vorpal, +Rage rC+ Str+4 Int+2}
rCold    + + .     Faith    .   (no shield)
rNeg     . . .     Spirit   +   i - +3 leather armour {rC+}
rPois    .         Reflect  +   C - +0 helmet
rElec    .         Harm     .   t - +0 cloak
rCorr    .         Rampage  .   (no gloves)
Will     +....                  (no boots)
Stlth    +++.......             H - amulet of reflection
HPRegen  1.18/turn              b - ring of flight
MPRegen  0.19/turn              v - +6 ring of intelligence

@: ice-armoured, on berserk cooldown, flying, slowed, studying Short Blades,
very slow
A: fangs 3, regeneration 1, magic shield, antimagic bite, no potion heal 2,
mutation resistance 1, weak 1, MP-powered wands
a: Renounce Religion, Evoke Berserk Rage, Channel Magic


You were on level 1 of the Lair of Beasts.
You worshipped Sif Muna.
Sif Muna was aware of your devotion.
You visited 3 branches of the dungeon, and saw 13 of its levels.
You also visited: Ossuary.

You collected 628 gold pieces.

Inventory:

Hand Weapons
 e - a +1 short sword of protection
 u - the +4 rapier of the Eleven Prophets (weapon) {vorpal, +Rage rC+ Str+4 Int+2}
   (You found it on level 6 of the Dungeon)

   It inflicts extra damage upon your enemies.
   Str:       It affects your strength (+4).
   Int:       It affects your intelligence (+2).
   rC:        It protects you from cold.
   +Rage:     It lets you go berserk.
Armour
 a - a +0 robe
 i - a +3 leather armour of cold resistance (worn)
 t - a +0 cloak (worn)
 C - a +0 helmet (worn)
 L - a +1 pair of boots
 N - a +0 troll leather armour
Jewellery
 b - a ring of flight (left hand)
 v - a +6 ring of intelligence (right hand)
 H - an amulet of reflection (around neck)
 I - a ring of fire
Wands
 f - a wand of iceblast (10)
 r - a wand of flame (85)
 y - a wand of paralysis (6)
 A - a wand of digging (9)
 D - a wand of acid (10)
Scrolls
 c - 2 scrolls of fog {unknown}
 d - a scroll of magic mapping
 g - 4 scrolls of immolation
 h - 7 scrolls of teleportation
 j - a scroll of fear
 l - 3 scrolls of enchant armour
 m - a scroll of noise {unknown}
 p - 4 scrolls of vulnerability
 s - a scroll of blinking
 J - a scroll of silence
Potions
 k - 3 potions of flight
 n - 4 potions of might {unknown}
 o - 2 potions of ambrosia {unknown}
 q - 2 potions of resistance {unknown}
 w - 2 potions of cancellation {unknown}
 x - a potion of invisibility {unknown}
 z - 4 potions of brilliance {unknown}
 B - 2 potions of heal wounds {unknown}
 E - 2 potions of lignification {unknown}
 F - a potion of degeneration {unknown}
 M - a potion of curing


   Skills:
 * Level 5.9 Fighting
 + Level 7.1 Short Blades
 + Level 3.0 Armour
 + Level 4.2 Dodging
 + Level 5.5 Stealth
 + Level 1.6 Shields
 + Level 1.3 Unarmed Combat
 * Level 9.0 Spellcasting
 + Level 2.4 Conjurations
 * Level 9.0 Ice Magic
 * Level 3.8 Invocations
 + Level 0.5 Evocations


You had 17 spell levels left.
You knew the following spells:

 Your Spells              Type           Power      Damage    Failure   Level
a - Freeze                Ice            100%       1d11      1%          1
b - Frozen Ramparts       Ice            100%       1d12      1%          3
c - Ozocubu's Armour      Ice            56%        N/A       1%          3
d - Hailstorm             Conj/Ice       41%        3d10      6%          4

Your spell library contained the following spells:

 Spells                   Type           Power      Damage    Failure   Level
 Slow                     Hex            11%        N/A       10%         2
 Conjure Flame            Conj/Fire      18%        6-21      12%         3
 Confusing Touch          Hex            11%        N/A       19%         3
 Gell's Gravitas          Tloc           5%         N/A       19%         3
 Ignite Poison            Fire/Tmut/Pois 11%        N/A       19%         3
 Lesser Beckoning         Tloc           5%         N/A       19%         3
 Portal Projectile        Hex/Tloc       22%        N/A       19%         3
 Teleport Other           Tloc           11%        N/A       19%         3
 Vampiric Draining        Necr           5%         2d6       19%         3
 Sticky Flame             Conj/Fire      18%        2d4       36%         4
 Freezing Cloud           Conj/Ice/Air   15%        6-21      36%         5
 Simulacrum               Ice/Necr       17%        N/A       83%         6
 Blade Hands              Tmut           5%         N/A       87%         5
 Excruciating Wounds      Necr           5%         N/A       87%         5
 Summon Forest            Summ/Tloc      5%         N/A       87%         5
 Summon Mana Viper        Hex/Summ       11%        N/A       87%         5
 Shadow Creatures         Summ           N/A        N/A       100%        6
 Polar Vortex             Ice            28%        N/A       100%        9


Dungeon Overview and Level Annotations

Branches:
Dungeon (11/15)            Temple (1/1) D:6            Lair (1/6) D:11
    Orc (0/2) D:11        Ossuary (visited)

Altars:
Ashenzari
Cheibriados
Dithmenos
Elyvilon
Fedhas
Gozag
Hepliaklqana
Kikubaaqudgha
Makhleb
Nemelex Xobeh
Okawaru
Qazlal
Ru
Sif Muna
Trog
Uskayaw
Vehumet
Wu Jian
Xom
Yredelemnul
Zin
The Shining One

Shops:
D:11 (


Innate Abilities, Weirdness & Mutations

You have razor-sharp teeth.
Your natural rate of healing is unusually fast.
When hurt, damage is shared between your health and your magic reserves.
Your bite disrupts and absorbs the magic of your enemies.
Potions cannot restore your health.
You are somewhat resistant to further mutation.
You are weak. (Str -2)
You expend magic power (3 MP) to strengthen your wands.


Message History

You feel a strong urge to attack something.
You feel your anger nearly subside.
You are no longer berserk.
You are exhausted.
You feel yourself slow down.
Okay, then. 2 yaks come into view.
A hydra and a yak come into view.
Found a scroll of teleportation.
Found a stone staircase leading down.
Found a gold wand.
The eight-headed hydra closely misses you.
The eight-headed hydra misses you.
The eight-headed hydra barely misses you.
The eight-headed hydra bites you but does no damage. x2
The eight-headed hydra bites you. The eight-headed hydra bites you!
The eight-headed hydra bites you. You block the yak's attack.
Found a Fen Folio.
The eight-headed hydra bites you but does no damage.
The eight-headed hydra bites you.
You block the eight-headed hydra's attack.
The eight-headed hydra bites you.
The eight-headed hydra closely misses you.
The eight-headed hydra misses you.
The eight-headed hydra barely misses you.
The eight-headed hydra bites you!
Casting: Ozocubu's Armour (safe; 1% risk of failure)
Confirm with . or Enter, or press ? or * to list all spells.
A film of ice covers your body! The yak gores you but does no damage.
The eight-headed hydra barely misses you.
You block the eight-headed hydra's attack.
The eight-headed hydra bites you. The eight-headed hydra bites you!
You block the eight-headed hydra's attack.
The eight-headed hydra bites you.
* * * LOW HITPOINT WARNING * * *
The eight-headed hydra bites you!
* * * LOW HITPOINT WARNING * * *
The eight-headed hydra bites you.
* * * LOW HITPOINT WARNING * * *
The yak gores you.
You die...

,,,,,,** *,,,,,,,,,,,** *****
,,,,,,,*** *,,,,,,....,,* *
,,,,,,...#* *,..,,,...,,**
,,,,,.....#**,..,,...,***
,,,,.......##,./,,:.#** ****
,,,.........##.,,#..# *******^,*
,,............##,...# **,**,,,,,,
,Y.........?...##..##**,,,,,,,,,,
...............D@...#,,,,,,,,,,,,
...............Y##......,,,,,,,,,
..............#P#**.....,,,,,,,,,
.............#### *,....,,,,,,,,,
#............# **,...,,,,,,,,,
#..........### *>,..,,,,,,,,,
##........P.# **,,.,,,,,,,,,
#...........# *,,,,,,,,,,,,
##..........# ***,,,,,,,,,,


You could see an eight-headed hydra and a yak.

Vanquished Creatures
  A hydra (Lair:1)
  A two-headed ogre (D:11)
  The ghost of DemonSlayer the Cleaver, a novice HuBe of Trog (D:9)
  Pikel (D:6)
  A cyclops (D:11)
  A komodo dragon (Lair:1)
  A cane toad (Lair:1)
  An unseen horror (D:11)
  3 trolls
  A hornet (D:9)
  Prince Ribbit (D:8)
  A wraith (D:9)
  A wyvern (D:10)
  3 yaks (D:11)
  2 acid dragons
  2 water moccasins
  4 black bears
  2 necrophages
  4 ice beasts
  3 orc warriors (D:11)
  2 centaurs
  2 phantoms (D:7)
  2 lemures (D:6)
  A kobold brigand (D:9)
  2 bullfrogs
  2 gnoll sergeants
  A scorpion (D:6)
  2 water moccasin skeletons
  7 wights
  5 centaur zombies
  3 hounds
  A wyvern simulacrum (D:9)
  Crazy Yiuf (D:5)
  An orc priest (D:10)
  2 gnoll shamans (D:7)
  3 iguanas
  5 jellies
  Jessica (D:3)
  3 bullfrog skeletons
  Ijyb (D:3)
  An orc wizard (D:4)
  Natasha (thrice) (D:3)
  2 centaur simulacra (D:9)
  A hound skeleton (D:5)
  2 mummies
  A howler monkey zombie (D:7)
  20 gnolls
  2 howler monkey skeletons
  7 adders
  A shadow imp (D:7)
  A white imp (D:9)
  An ufetubus (D:5)
  A dart slug (D:3)
  23 orcs
  6 spectral bats (Ossuary)
  5 bats
  4 endoplasms
  A giant cockroach (D:4)
  2 hobgoblins (D:1)
  3 jackals (D:2)
  5 quokkas
  3 ball pythons
  2 bat simulacra (Ossuary)
  2 frilled lizards
  12 gnoll zombies (Ossuary)
  5 goblins
  5 goblin simulacra (Ossuary)
  4 goblin zombies
  5 hobgoblin zombies (Ossuary)
  7 kobolds
  3 kobold simulacra (Ossuary)
  6 kobold zombies (Ossuary)
  5 orc zombies
  5 rats
  2 rat simulacra (Ossuary)
  4 spectral goblins (Ossuary)
  2 spectral kobolds (Ossuary)
  2 spectral rats (Ossuary)
248 creatures vanquished.

Notes
Turn   | Place    | Note
-------+----------+-------------------------------------------
     0 | D:1      | robertstho the Vine Stalker Ice Elementalist began the
                  | quest for the Orb.
     0 | D:1      | Reached XP level 1. HP: 9/9 MP: 4/4
    22 | D:1      | Found a faded altar of an unknown god.
   483 | D:1      | Reached XP level 2. HP: 7/13 MP: 4/6
  1261 | D:2      | Reached XP level 3. HP: 14/16 MP: 5/7
  1810 | D:2      | Gained mutation: Your natural rate of healing is unusually
                  | fast. [Vine Stalker growth]
  1810 | D:2      | Reached XP level 4. HP: 18/21 MP: 2/9
  2072 | D:2      | Found a shimmering altar of Xom.
  2433 | D:3      | Noticed Natasha
  2444 | D:3      | Killed Natasha
  2445 | D:3      | Reached skill level 1 in Unarmed Combat
  2583 | D:3      | Noticed Natasha
  2592 | D:3      | Killed Natasha
  2593 | D:3      | Reached XP level 5. HP: 25/25 MP: 5/10
  2634 | D:3      | Noticed Ijyb
  2640 | D:3      | Noticed Jessica
  2643 | D:3      | Gained mutation: You are weak. (Str -2) [potion of
                  | mutation]
  2643 | D:3      | Gained mutation: You expend magic power (3 MP) to
                  | strengthen your wands. [potion of mutation]
  2643 | D:3      | Gained mutation: You are somewhat resistant to further
                  | mutation. [potion of mutation]
  2649 | D:3      | Noticed Natasha
  2654 | D:3      | Killed Natasha
  2775 | D:3      | Learned a level 3 spell: Frozen Ramparts
  2784 | D:3      | Learned a level 3 spell: Ozocubu's Armour
  2936 | D:3      | Killed Jessica
  2937 | D:3      | Reached skill level 1 in Fighting
  2937 | D:3      | Reached skill level 5 in Ice Magic
  2991 | D:3      | Killed Ijyb
  3167 | D:4      | Found a sand-covered staircase.
  3179 | Ossuary  | Entered an ossuary
  3254 | Ossuary  | Reached XP level 6. HP: 30/30 MP: 9/12
  3606 | D:4      | Noticed a black bear
  3619 | D:4      | Killed a black bear
  3620 | D:4      | Reached skill level 1 in Short Blades
  4074 | D:4      | Reached XP level 7. HP: 34/34 MP: 9/14
  4437 | D:5      | Entered Level 5 of the Dungeon
  4846 | D:5      | Reached skill level 1 in Armour
  5078 | D:5      | Gained mutation: You have razor-sharp teeth. [Vine Stalker
                  | growth]
  5078 | D:5      | Reached XP level 8. HP: 39/39 MP: 13/16
  5156 | D:5      | Learned a level 4 spell: Hailstorm
  5233 | D:5      | Reached skill level 5 in Spellcasting
  5281 | D:5      | Found a runed translucent door.
  5282 | D:5      | Noticed Crazy Yiuf
  5369 | D:5      | Killed Crazy Yiuf
  5471 | D:6      | Identified the +4 rapier of the Eleven Prophets {vorpal,
                  | +Rage rC+ Str+4 Int+2}
  5513 | D:6      | Noticed Pikel
  5527 | D:6      | Killed Pikel
  5533 | D:6      | Reached XP level 9. HP: 39/44 MP: 0/19
  5698 | D:6      | Found a staircase to the Ecumenical Temple.
  5804 | Temple   | Entered the Ecumenical Temple
  6169 | D:6      | Reached skill level 1 in Conjurations
  6731 | D:6      | Found a bloodstained altar of Trog.
  6731 | D:6      | Found an iron altar of Okawaru.
  7030 | D:7      | Found a shadowy altar of Dithmenos.
  7089 | D:7      | Found a hazy altar of Hepliaklqana.
  8242 | D:8      | Reached skill level 5 in Short Blades
  8378 | D:8      | Noticed Prince Ribbit
  8402 | D:8      | Killed Prince Ribbit
  8403 | D:8      | Reached XP level 10. HP: 45/49 MP: 14/22
  8499 | D:8      | Found a radiant altar of Vehumet.
  8502 | D:8      | Found a shimmering blue altar of Sif Muna.
  8516 | D:8      | Found a basalt altar of Yredelemnul.
  8519 | D:8      | Found an opulent altar of Gozag.
  8606 | D:8      | Became a worshipper of Sif Muna the Loreminder
  8758 | D:8      | Found an ornate altar of the Wu Jian Council.
  8791 | D:9      | Found a shimmering altar of Xom.
  8908 | D:9      | Paralysed by a hornet for 1 turns
  8912 | D:9      | Reached skill level 1 in Invocations
  9211 | D:9      | Found a runed translucent gate.
  9211 | D:9      | Found a runed translucent gate.
  9211 | D:9      | Found a runed translucent gate.
  9238 | D:9      | Found a hide-covered altar of Uskayaw.
  9252 | D:9      | Noticed DemonSlayer's ghost (novice HuBe)
  9296 | D:9      | Found a white marble altar of Elyvilon.
  9680 | D:9      | Killed DemonSlayer's ghost
  9681 | D:9      | Reached skill level 5 in Stealth
  9688 | D:9      | Reached skill level 5 in Fighting
  9819 | D:10     | Entered Level 10 of the Dungeon
  9870 | D:10     | Found a stormy altar of Qazlal.
 10100 | D:10     | Noticed a death knight
 10111 | D:10     | Noticed a tengu warrior
 10111 | D:10     | Noticed a cyan ugly thing
 10126 | D:10     | Noticed a centaur warrior
 10126 | D:10     | Noticed a skeletal warrior
 10126 | D:10     | Noticed an ogre mage
 10126 | D:10     | Noticed a centaur warrior
 10539 | D:10     | Noticed a wizard
 10745 | D:11     | Reached skill level 1 in Shields
 10886 | D:11     | Noticed a two-headed ogre
 10903 | D:11     | Reached * piety under Sif Muna
 10904 | D:11     | Reached XP level 11. HP: 40/56 MP: 12/24
 10904 | D:11     | Killed a two-headed ogre
 10970 | D:11     | Found Oqyvvos's Weapon Shoppe.
 10973 | D:11     | Found a staircase to the Orcish Mines.
 11426 | D:11     | Found a staircase to the Lair.
 11457 | D:11     | Noticed a cyclops
 11468 | D:11     | Killed a cyclops
 11577 | Lair:1   | Entered Level 1 of the Lair of Beasts
 11718 | Lair:1   | Noticed a seven-headed hydra
 11740 | Lair:1   | Killed a seven-headed hydra
 11751 | Lair:1   | Noticed an eight-headed hydra
 11760 | Lair:1   | HP: 1/56 [eight-headed hydra (4)]
 11760 | Lair:1   | Slain by a yak

Illustrated notes

Levels and vault maps discovered:
D:1:      giann_forest_graveyard, layout_rooms, ebering_ecumenical_altar_mist,
          grunt_decor_cap
D:2:      layout_loops_ring, basic_altar, chequers_serial_rivers_marsh,
          nrook_loot_triangle
D:3:      layout_rooms, serial_glass, glass_columns_a, glass_columns_a,
          glass_columns_a, glass_columns_c, glass_columns_a, uniq_ijyb,
          uniq_jessica, uniq_natasha
D:4:      layout_gridville, nicolae_ossuary_entry_giza
D:5:      layout_basic, roderic_roman_lattice, uniq_crazy_yiuf_cottage
D:6:      layout_loops_ring, grunt_temple_overflow_bloody_war,
          minmay_temple_entry_statues_fountains, uniq_pikel
D:7:      layout_gridville, grunt_dithmenos_shadows, kennysheep_mini_moat
D:8:      layout_basic, pdpol_wu_jian_five_deadly_venoms,
          grunt_temple_overflow_cloverleaf, uniq_prince_ribbit1
D:9:      layout_roguey, mainiacjoe_overflow_alcove_2,
          mainiacjoe_overflow_catwalk, nicolae_overflow_hidden_temple,
          gammafunk_ghost_icy
D:10:     layout_roguey, grunt_qazlal_sundering, minivault_12
D:11:     layout_roguey, lair_entry_dummy, orc_david_3
Temple:   compressed_dpeg_triangle_lava_temple
Lair:1:   layout_cave_pods, portal_ice_cave_entry_pillars_2

Skill      XL: |  1  2  3  4  5  6  7  8  9 10 11 |
---------------+----------------------------------+-----
Stealth        | 3 4 5 |  5.5
Dodging        | 2 3 4 |  4.2
Unarmed Combat | 1 |  1.3
Spellcasting   | 3 4 6 7 8 9 |  9.0
Fighting       | 1 2 3 4 5 |  5.9
Ice Magic      | 5 6 7 8 9 |  9.0
Short Blades   | 1 2 3 5 6 7 |  7.1
Armour         | 1 2 3 |  3.0
Conjurations   | 2 |  2.4
Invocations    | 2 3 |  3.8
Shields        | 1 |  1.6
Evocations     | |  0.5

Action                   |  1- 3 |  4- 6 |  7- 9 | 10-12 || total
-------------------------+-------+-------+-------+-------++-------
Melee: Unarmed           |    55 |    46 |       |       ||   101
       Bite              |    10 |    84 |    57 |    52 ||   203
       Short sword       |       |   247 |    59 |       ||   306
       Punch             |       |     1 |       |     3 ||     4
       Rapier            |       |       |   140 |   155 ||   295
 Cast: Freeze            |    33 |    28 |    12 |    21 ||    94
       Frozen Ramparts   |       |     6 |    20 |    12 ||    38
       Ozocubu's Armour  |       |     2 |     3 |     6 ||    11
       Hailstorm         |       |       |     8 |     6 ||    14
 Abil: Evoke Berserk Rag |       |       |       |     3 ||     3
  Use: Potion            |       |     4 |       |       ||     4
       Scroll            |       |     3 |     4 |     3 ||    10
 Stab: Sleeping          |     4 |    16 |     5 |     6 ||    31
       Distracted        |     1 |       |       |     1 ||     2
Armor: Robe              |    16 |    14 |       |       ||    30
       Leather armour    |       |   124 |    68 |    71 ||   263
Dodge: Dodged            |    58 |   214 |   115 |   107 ||   494
Block: Other             |       |       |       |    28 ||    28

Table legend: (Time is in decaauts)
 A = Elapsed time spent in this place.
 B = Non-inter-level travel time spent in this place.
 C = Inter-level travel time spent in this place.
 D = Time resting spent in this place.
 E = Time spent auto-exploring this place.
 F = Levels seen in this place.
 G = Mean time per level.
                   A        B        C        D        E       F      G
               +--------+--------+--------+--------+--------+-----+--------+
         Total |  11812 |  11359 |    453 |    258 |   9253 |  14 |  843.7 |
       Dungeon |  10904 |  10467 |    437 |    255 |   8733 |  11 |  991.3 |
        Temple |    289 |    273 |     16 |      0 |    265 |   1 |  289.0 |
          Lair |    186 |    186 |      0 |      0 |    119 |   1 |  186.0 |
       Ossuary |    431 |    431 |      0 |      3 |    136 |   1 |  431.0 |
               +--------+--------+--------+--------+--------+-----+--------+

Top non-repeatable levels by time:
     D:2: 1310 daAuts
     D:7: 1171 daAuts
     D:6: 1102 daAuts
     D:9: 1044 daAuts
     D:5: 1031 daAuts
     D:1: 1017 daAuts
    D:11: 892 daAuts
     D:4: 886 daAuts
    D:10: 866 daAuts
     D:3: 823 daAuts
     D:8: 758 daAuts
 Ossuary: 431 daAuts
  Temple: 289 daAuts
  Lair:1: 186 daAuts
